 Dungeon Crawl Stone Soup version 0.29-a0-297-g7659ce593d (webtiles) character file.

Game seed: 4913731064544591583

166330 Ijustatesigmund the Warrior (level 17, 0/115 HPs)
             Began as a Gargoyle Fire Elementalist on Mar 21, 2022.
             Was a High Priest of Vehumet.
             Slain by an entropy weaver simulacrum (15 damage)
             ... in an ice cave on Mar 22, 2022.
             The game lasted 02:15:57 (48398 turns).

Ijustatesigmund the Warrior (GrFE)                 Turns: 48398, Time: 02:15:57

Health: 0/115      AC: 34    Str: 16    XL:     17   Next: 90%
Magic:  21/27      EV:  8    Int: 20    God:    Vehumet [*****.]
Gold:   1361       SH:  6    Dex:  8    Spells: 5/30 levels left

rFire   . . .      SeeInvis +   c - +3 morningstar (vamp)
rCold   + . .      Faith    .   J - +1 buckler {AC+3}
rNeg    + . .      Spirit   .   I - +1 chain mail "Guenox" {+Blink rElec Dex-4 SInv}
rPois   ∞          Reflect  .   (no helmet)
rElec   +          Harm     .   x - scarf {repulsion}
rCorr   .          Rampage  .   q - +0 pair of gloves of the Louse {Dex+2}
Will    +....                   d - +2 pair of boots
Stlth   ..........              Z - amulet of magic regeneration
HPRegen 0.29/turn               h - ring of wizardry
MPRegen 0.60/turn               u - ring of protection from cold

@: flying, very slightly contaminated, repel missiles
A: sickness immunity, AC +12, big wings, negative energy resistance 1,
electricity resistance, torment resistance 1, petrification resistance
a: Renounce Religion, Evoke Blink


You were in an ice cave.
You worshipped Vehumet.
Vehumet was extremely pleased with you.
You visited 6 branches of the dungeon, and saw 29 of its levels.
You also visited: Sewer, Ossuary and Ice Cave.

You collected 2755 gold pieces.
You spent 1394 gold pieces at shops.

Inventory:

Hand Weapons
 c - a +3 vampiric morningstar (weapon)
 T - a +0 morningstar of protection
Missiles
 y - 6 throwing nets
Armour
 d - a +2 pair of boots (worn)
 k - +0 fire dragon scales
 q - the +0 pair of gloves of the Louse (worn) {Dex+2}
   (You bought it in a shop on level 2 of the Snake Pit)

   Dex:       It affects your dexterity (+2).
 x - a scarf of repulsion (worn)
 B - a +0 kite shield of cold resistance
 I - the +1 chain mail "Guenox" (worn) {+Blink rElec Dex-4 SInv}
   (You found it on level 4 of the Dungeon)

   Dex:       It affects your dexterity (-4).
   rElec:     It insulates you from electricity.
   SInv:      It lets you see invisible.
   +Blink:    It lets you blink.
 J - a +1 buckler of protection (worn)
 P - the +1 helmet of the Ecumenical Temple {Harm rPois Str+7}
   (You found it on level 3 of the Lair of Beasts)

   Str:       It affects your strength (+7).
   rPois:     It protects you from poison.
   Harm:      It increases damage dealt and taken.
Jewellery
 h - a ring of wizardry (left hand)
 m - a ring of fire
 s - a +4 ring of evasion
 u - a ring of protection from cold (right hand)
 E - a ring of ice
 K - a ring of positive energy
 O - a ring of positive energy
 R - a ring of resist corrosion
 Z - an amulet of magic regeneration (around neck)
Wands
 a - a wand of mindburst (8)
 l - a wand of acid (5)
 w - a wand of digging (17)
 G - a wand of flame (43)
 M - a wand of iceblast (1)
 S - a wand of charming (9)
Scrolls
 f - 2 scrolls of fear
 n - 4 scrolls of fog
 p - a scroll of amnesia
 z - 2 scrolls of teleportation
 C - 2 scrolls of torment
 L - 2 scrolls of magic mapping
 N - a scroll of summoning
 Q - 7 scrolls of identify
 V - a scroll of immolation
 W - a scroll of blinking
Potions
 b - 3 potions of magic
 e - 5 potions of haste
 g - 3 potions of resistance
 i - 9 potions of curing
 j - 5 potions of cancellation
 o - 6 potions of lignification
 r - 7 potions of attraction
 t - 6 potions of brilliance
 v - a potion of ambrosia
 A - 3 potions of might
 D - 4 potions of mutation
Miscellaneous
 X - a condenser vane
 Y - a piece from Xom's chessboard (15/15)


   Skills:
 - Level 16.3 Fighting
 - Level 14.0 Maces & Flails
 - Level 12.0 Armour
 - Level 4.7 Dodging
 - Level 2.1 Stealth
 + Level 8.0 Shields
 + Level 7.0 Spellcasting
 + Level 11.1 Conjurations
 - Level 4.2 Transmutations
 + Level 12.2 Fire Magic
 - Level 8.4 Poison Magic
 - Level 6.4 Evocations


You had 5 spell levels left.
You knew the following spells:

 Your Spells              Type           Power      Damage    Failure   Level
a - Foxfire               Conj/Fire      100%       2x1d9     1%          1
b - Scorch                Fire           100%       2d10      1%          2
c - Conjure Flame         Conj/Fire      52%        6-21      1%          3
d - Ignite Poison         Fire/Tmut/Pois 40%        N/A       1%          3
e - Sticky Flame          Conj/Fire      52%        2d7       1%          4
f - Olgreb's Toxic Radia  Pois           40%        N/A       4%          4
g - Fireball              Conj/Fire      26%        3d12      3%          5
h - Inner Flame           Hex/Fire       31%        N/A       3%          3

Your spell library contained the following spells:

 Spells                   Type           Power      Damage    Failure   Level
 Ignition                 Fire           27%        3d9       97%         8
 Magic Dart               Conj           100%       1d8       1%          1
 Searing Ray              Conj           100%       2d8       1%          2
 Flame Wave               Conj/Fire      52%        2d11      1%          4
 Poisonous Vapours        Pois/Air       46%        N/A       3%          2
 Iskenderun's Battlesphe  Conj           51%        2d10      3%          5
 Stone Arrow              Conj/Erth      58%        3d10      4%          3
 Beastly Appendage        Tmut           46%        N/A       9%          1
 Spider Form              Tmut/Pois      32%        N/A       11%         3
 Wereblood                Tmut           23%        N/A       12%         2
 Fulminant Prism          Conj/Hex       14%        3d9       12%         4
 Irradiate                Conj/Tmut      18%        3d19      14%         5
 Passwall                 Tmut/Erth      12%        N/A       26%         2
 Apportation              Tloc           14%        N/A       38%         1
 Summon Small Mammal      Summ           28%        N/A       38%         1
 Corpse Rot               Necr/Air       14%        N/A       52%         2
 Ensorcelled Hibernation  Hex/Ice        14%        N/A       52%         2
 Alistair's Intoxication  Tmut/Pois      21%        N/A       65%         5
 Call Canine Familiar     Summ           7%         N/A       75%         3
 Summon Guardian Golem    Hex/Summ       7%         N/A       75%         3
 Swiftness                Air            7%         N/A       75%         3
 Petrify                  Tmut/Erth      15%        N/A       86%         4
 Blade Hands              Tmut           11%        N/A       89%         5
 Anguish                  Hex/Necr       3%         N/A       98%         4
 Animate Armour           Summ/Erth      14%        N/A       98%         4
 Metabolic Englaciation   Hex/Ice        3%         N/A       100%        5
 Iron Shot                Conj/Erth      14%        9d4       78%         6
 Spellforged Servitor     Conj/Summ      14%        N/A       99%         7
 Dragon Form              Tmut           11%        N/A       100%        7
 Lehudib's Crystal Spear  Conj/Erth      14%        10d5      100%        8
 Statue Form              Tmut/Erth      Unusable   N/A       N/A         6

Dungeon Overview and Level Annotations

Branches:
Dungeon (15/15)            Temple (1/1) D:5            Lair (6/6) D:9
  Swamp (1/4) Lair:2        Snake (4/4) Lair:2        Slime (0/5) Lair:6
    Orc (2/2) D:9             Elf (0/3) Orc:2        Vaults (0/5) D:14
  Sewer (visited)         Ossuary (visited)           IceCv (1/1)
 Depths: D:15

Altars:
Ashenzari
Cheibriados
Dithmenos
Elyvilon
Fedhas
Gozag
Hepliaklqana
Kikubaaqudgha
Makhleb
Nemelex Xobeh
Okawaru
Qazlal
Ru
Sif Muna
Trog
Uskayaw
Vehumet
Wu Jian
Xom
Yredelemnul
Zin
The Shining One
Beogh
Jiyva

Shops:
D:2 *!!   Orc:2 *[:(   Snake:2 [   Snake:3 (!   Snake:4 *

Annotations:
D:9 3 runed translucent doors, Tutankhamun's ghost, journeyman TrFi; iamserjio's ghost, novice OpTm
Orc:2 Dabor's ghost, journeyman TrFi IceCv exclusion: obsidian statue


Innate Abilities, Weirdness & Mutations

You are immune to sickness and miasma.
Your stone body is resilient. (AC +12)
You are immune to poison.
Your large and strong wings let you fly.
You resist negative energy. (rN+)
You are resistant to electric shocks. (rElec)
You are resistant to unholy torment.
You are immune to petrification.


Message History

The ettin simulacrum melts!
The ettin simulacrum is moderately damaged.
The ettin simulacrum is covered in liquid flames!
You hear a sizzling sound!
The ettin simulacrum burns!
The ettin simulacrum hits you. The ettin simulacrum freezes you! You resist.
The ettin simulacrum hits you!
* * * LOW HITPOINT WARNING * * *
The ettin simulacrum freezes you! You resist.
* * * LOW HITPOINT WARNING * * *
You feel much better.
The ettin simulacrum burns!
The ettin simulacrum hits you but does no damage. x2
Casting: Sticky Flame (mildly dangerous; 1% risk of failure)
Confirm with . or Enter, or press ? or * to list all spells.
Flames lash the ettin simulacrum.
The ettin simulacrum melts!
The ettin simulacrum vaporises!
Vehumet accepts your kill.
You feel your power returning.
Casting: Scorch (safe; 1% risk of failure)
Confirm with . or Enter, or press ? or * to list all spells.
Flames lash the entropy weaver simulacrum.
The entropy weaver simulacrum melts!
The entropy weaver simulacrum is heavily damaged.
The entropy weaver simulacrum's fire resistance burns away.
The entropy weaver simulacrum barely misses you.
The entropy weaver simulacrum hits you!
The entropy weaver simulacrum freezes you!
You resist.
* * * LOW HITPOINT WARNING * * *
You block the entropy weaver simulacrum's attack.
The entropy weaver simulacrum closely misses you.
You sock the entropy weaver simulacrum!
The entropy weaver simulacrum is almost destroyed.
A spriggan defender simulacrum comes into view.
The entropy weaver simulacrum hits you but does no damage.
You block the entropy weaver simulacrum's attack.
The entropy weaver simulacrum hits you.
* * * LOW HITPOINT WARNING * * *
The entropy weaver simulacrum freezes you!
You resist.
You die...

*,,,,*,,,,,,,,*###
*,,,,,***,∩,***#.##
*,***,,***,#####..#
***,,,** ###...†###
*,,,,,*##...#....###
**,,,###..####.....##
**,,Z##..#####.....#
###Z.##...######...
*#.@###..⌠..# ##..
*#.##.#.#..)## ###
#≈,*##.###### #######
#≈≈**###* ###....##
**≈≈≈*≈≈* ###...#....
***≈≈≈***#.....#####
*≈≈≈*##...###.#
***,*#...** #.#
**,,...** #.# #


You could see a spriggan defender simulacrum and an entropy weaver simulacrum
(combustible).

Vanquished Creatures
  An Ice Fiend (IceCv)
  Donald (Lair:2)
  A nagaraja (Snake:1)
  A fenstrider witch (Swamp:1)
  Aizul (Snake:2)
  3 orc warlords (Orc:1)
  Snorg (D:13)
  A shambling mangrove (Swamp:1)
  The ghost of Veteran the Blocker, a journeyman DDFi (Orc:1)
  A fire dragon (Lair:6)
  The ghost of anet the Cleaver, a journeyman MiBe of Trog (Orc:2)
  10 hydras
  13 naga warriors
  The ghost of IndexError the Spear-Bearer, a journeyman GnCA of Ignis (Orc:2)
  3 boulder beetles
  Fannar (Lair:2)
  The ghost of Ignak the Thaumaturge, a journeyman GnWz of Sif Muna (Orc:2)
  7 anacondas
  2 catoblepae
  5 centaur warriors
  14 two-headed ogres
  2 alligators (Swamp:1)
  2 tengu warriors (D:11)
  5 death yaks (Lair:6)
  3 orc high priests (Orc:2)
  5 naga sharpshooters
  A storm dragon zombie (D:15)
  3 shock serpents
  2 salamander mystics
  Lodul (D:10)
  A fire crab (Lair:6)
  A flayed ghost (D:15)
  3 naga ritualists
  7 spriggan simulacra (IceCv)
  3 orc knights
  A necromancer (D:15)
  2 bog bodies
  8 mana vipers
  A tengu zombie (D:15)
  6 ugly things
  4 orc sorcerers (Orc:2)
  16 elephants
  5 manticores
  A will-o-the-wisp (Swamp:1)
  4 salamanders
  2 cyclopes
  28 black mambas
  3 guardian serpents
  3 molten gargoyles (Lair:6)
  9 naga magi
  3 torpor snails
  An unseen horror (D:10)
  6 yaktaurs
  5 gargoyles
  12 cane toads
  16 komodo dragons
  5 rime drakes
  2 efreet (D:14)
  2 tengu conjurers (D:13)
  2 anaconda simulacra (IceCv)
  5 ice devils (IceCv)
  3 entropy weaver simulacra (IceCv)
  A freezing wraith (IceCv)
  A yaktaur (shapeshifter) (D:14)
  A guardian mummy (D:15)
  A polar bear (Lair:3)
  11 trolls
  A tarantella (shapeshifter) (D:14)
  A tyrant leech (Lair:2)
  A hornet (D:11)
  12 dream sheep
  25 blink frogs
  A spriggan (shapeshifter) (D:14)
  A vampire (D:10)
  11 wyverns
  2 dire elephant simulacra (IceCv)
  84 yaks
  2 steam dragons
  6 wraiths
  Eustachio (D:4)
  13 basilisks
  3 vampire mosquitoes
  5 minotaur simulacra (IceCv)
  44 nagas
  5 swamp worms
  A harpy simulacrum (IceCv)
  25 water moccasins
  3 acid dragons
  3 wargs (Orc:1)
  4 hell hounds (Lair:6)
  3 ice beasts
  3 sky beasts
  2 ettin simulacra (IceCv)
  34 orc warriors
  3 black bears
  2 alligator simulacra (IceCv)
  9 ogres
  12 centaurs
  28 wolves
  3 kobold brigands
  A phantom (D:6)
  3 gnoll sergeants
  A necrophage (D:6)
  9 scorpions (Ossuary)
  14 bullfrogs
  11 deep troll simulacra (IceCv)
  3 wights (D:7)
  12 killer bees (D:9)
  A lindwurm simulacrum (IceCv)
  9 electric eels
  5 lava snakes (Lair:6)
  4 jellies
  6 hounds
  A centaur zombie (Ossuary)
  2 human zombies (Ossuary)
  36 orc priests
  Crazy Yiuf (D:7)
  3 iguanas
  31 orc wizards
  5 hell rats (Lair:2)
  3 scorpion zombies (Ossuary)
  3 mummies (Ossuary)
  7 adders
  14 gnolls
  12 river rats (Sewer)
  A white imp (D:7)
  A worm (D:3)
  4 dart slugs
  98 orcs
  3 bats
  2 bat zombies (D:5)
  2 endoplasms
  2 giant cockroaches (D:1)
  3 gnoll zombies (Ossuary)
  5 goblins
  8 hobgoblins
  A jackal (D:4)
  27 kobolds
  2 quokkas (D:3)
  7 ball pythons
  4 frilled lizards
  2 goblin zombies (Ossuary)
  2 hobgoblin zombies (Ossuary)
  4 kobold zombies (Ossuary)
  An orc zombie (Ossuary)
  26 rats
1034 creatures vanquished.

Vanquished Creatures (collateral kills)
  A foxfire (Lair:2)
1 creature vanquished.

Vanquished Creatures (others)
  An orc (D:9)
  4 kobolds (D:8)
  504 foxfires
  20 fungi
  60 plants
  8 withered plants
597 creatures vanquished.

Grand Total: 1632 creatures vanquished

Notes
Turn   | Place    | Note
-------+----------+-------------------------------------------
     0 | D:1      | Ijustatesigmund the Gargoyle Fire Elementalist began the
                  | quest for the Orb.
     0 | D:1      | Reached XP level 1. HP: 10/10 MP: 3/3
   259 | D:1      | Reached skill level 1 in Fighting
   373 | D:1      | Reached XP level 2. HP: 16/16 MP: 3/5
  1088 | D:1      | Found a faded altar of an unknown god.
  1271 | D:2      | Learned a level 2 spell: Scorch
  1284 | D:2      | Reached XP level 3. HP: 19/21 MP: 3/6
  1367 | D:2      | Found Umpo Bui's Distillery.
  1374 | D:2      | Bought a potion of heal wounds for 55 gold pieces
  1464 | D:2      | Reached skill level 2 in Fighting
  1569 | D:2      | Found Ruatuluw's Distillery.
  1582 | D:2      | Found Cimihaf's Assorted Antiques.
  1883 | D:2      | Reached XP level 4. HP: 27/27 MP: 4/7
  3152 | D:4      | Noticed Eustachio
  3156 | D:4      | Reached skill level 3 in Fighting
  3197 | D:4      | Killed Eustachio
  3198 | D:4      | Reached XP level 5. HP: 33/33 MP: 2/8
  3198 | D:4      | Reached XP level 6. HP: 38/38 MP: 2/9
  3738 | D:4      | Identified the +1 chain mail "Guenox" {+Blink rElec Dex-4
                  | SInv}
  3909 | D:5      | Entered Level 5 of the Dungeon
  3964 | D:5      | Found a sand-covered staircase.
  3969 | Ossuary  | Entered an ossuary
  4004 | Ossuary  | Reached skill level 4 in Fighting
  4080 | Ossuary  | Learned a level 3 spell: Conjure Flame
  4120 | Ossuary  | Reached skill level 5 in Fire Magic
  4410 | Ossuary  | Reached XP level 7. HP: 39/44 MP: 3/10
  4931 | Ossuary  | Reached skill level 5 in Fighting
  5855 | Ossuary  | Reached XP level 8. HP: 46/49 MP: 7/12
  6338 | D:5      | Found a staircase to the Ecumenical Temple.
  6671 | D:5      | Reached skill level 5 in Shields
  6774 | D:5      | Reached skill level 6 in Fighting
  7199 | D:5      | Found an ancient bone altar of Kikubaaqudgha.
  7315 | D:5      | Found a broken altar of Ashenzari.
  7319 | D:5      | Saw a vision of the Swamp and the Snake Pit.
  7319 | D:5      | Noticed a guardian serpent
  7501 | Temple   | Entered the Ecumenical Temple
  7564 | Temple   | Became a worshipper of Vehumet
  7654 | D:6      | Reached skill level 1 in Maces & Flails
  7654 | D:6      | Reached skill level 1 in Armour
  7729 | D:6      | Found a glowing drain.
  7734 | Sewer    | Entered a sewer
  7990 | Sewer    | Reached * piety under Vehumet
  7990 | Sewer    | Offered knowledge of Sandblast by Vehumet.
  8684 | D:6      | Reached XP level 9. HP: 56/56 MP: 14/14
  8718 | D:6      | Found a shimmering blue altar of Sif Muna.
  8733 | D:6      | Reached skill level 7 in Fighting
  8743 | D:6      | Reached ** piety under Vehumet
  8743 | D:6      | Offered knowledge of Searing Ray by Vehumet.
  9324 | D:6      | Found a burning altar of Makhleb.
  9445 | D:6      | You are sucked into a shaft and drop 1 floor!
  9560 | D:7      | Found a sparkling altar of Nemelex Xobeh.
  9622 | D:7      | Identified the +8 mace "Hoyxt" {spect, Drain Will+ rCorr
                  | Dex+4}
  9623 | D:7      | Found a runed translucent door.
  9623 | D:7      | Identified the +5 mace of the Crawling Thing {venom, rC+}
  9629 | D:7      | Noticed Crazy Yiuf
  9638 | D:7      | Killed Crazy Yiuf
  9909 | D:2      | Bought a runed buckler for 187 gold pieces
 10044 | D:6      | Reached skill level 8 in Fighting
 10151 | D:6      | Found an iron altar of Okawaru.
 10294 | D:7      | Found an ornate altar of the Wu Jian Council.
 10411 | D:7      | Reached skill level 5 in Armour
 10420 | D:7      | Reached skill level 5 in Maces & Flails
 10577 | D:7      | Offered knowledge of Ignite Poison by Vehumet.
 10583 | D:7      | Learned a level 3 spell: Ignite Poison
 10693 | D:7      | Reached XP level 10. HP: 65/65 MP: 15/15
 10993 | D:8      | Reached skill level 1 in Poison Magic
 10994 | D:8      | Reached skill level 1 in Transmutations
 11314 | D:8      | Noticed a manticore
 11318 | D:8      | Killed a manticore
 11501 | D:8      | Reached *** piety under Vehumet
 11502 | D:8      | Reached skill level 9 in Fighting
 12503 | D:9      | Offered knowledge of Sticky Flame by Vehumet.
 12519 | D:9      | Learned a level 4 spell: Sticky Flame
 12556 | D:9      | Reached skill level 1 in Evocations
 12598 | D:9      | Reached XP level 11. HP: 37/71 MP: 16/16
 12875 | D:9      | Noticed a +0 short sword
 12875 | D:9      | Noticed a +0 falchion
 12877 | D:9      | Noticed a +0 falchion
 12877 | D:9      | Noticed a +0 spear
 12877 | D:9      | Noticed a +0 dagger
 12877 | D:9      | Noticed a +0 short sword
 12879 | D:9      | Noticed a +0 spear
 12879 | D:9      | Noticed a +0 dagger
 12884 | D:9      | Found a hide-covered altar of Uskayaw.
 13043 | D:9      | Found a staircase to the Lair.
 13069 | D:9      | Found a sacrificial altar of Ru.
 13108 | D:9      | Reached **** piety under Vehumet
 13298 | D:9      | Noticed a two-headed ogre
 13301 | D:9      | Killed a two-headed ogre
 13431 | D:9      | Found a runed translucent gate.
 13431 | D:9      | Found a runed translucent gate.
 13431 | D:9      | Found a runed translucent gate.
 13433 | D:9      | Noticed Tutankhamun's ghost (journeyman TrFi)
 13433 | D:9      | Noticed iamserjio's ghost (novice OpTm)
 13465 | D:9      | Found a staircase to the Orcish Mines.
 13752 | D:10     | Entered Level 10 of the Dungeon
 14010 | D:10     | Offered knowledge of Olgreb's Toxic Radiance by Vehumet.
 14603 | D:10     | Found a glowing silver altar of Zin.
 14733 | D:10     | Found a glowing golden altar of the Shining One.
 14751 | D:10     | Noticed Lodul
 14751 | D:10     | Noticed a two-headed ogre
 14751 | D:10     | Noticed a two-headed ogre
 14751 | D:10     | Noticed a two-headed ogre
 14751 | D:10     | Noticed a two-headed ogre
 14766 | D:9      | Killed a two-headed ogre
 14767 | D:9      | Reached skill level 10 in Fighting
 15149 | D:10     | Killed a two-headed ogre
 15405 | D:10     | Found a blossoming altar of Fedhas.
 15891 | D:11     | Learned a level 4 spell: Olgreb's Toxic Radiance
 15910 | D:11     | Noticed a boulder beetle
 15923 | D:11     | Killed a boulder beetle
 16169 | D:11     | Noticed a seven-headed hydra
 16175 | D:11     | Noticed a two-headed ogre
 16177 | D:11     | Killed a seven-headed hydra
 16178 | D:11     | Reached skill level 5 in Poison Magic
 16184 | D:11     | Killed a two-headed ogre
 16239 | D:11     | Noticed a two-headed ogre
 16261 | D:11     | Killed a two-headed ogre
 16262 | D:11     | Reached XP level 12. HP: 73/78 MP: 15/17
 16310 | D:11     | Noticed a two-headed ogre
 16339 | D:11     | HP: 3/79 [two-headed ogre/+0 giant club (6)]
 16340 | D:11     | Killed a two-headed ogre
 16700 | D:10     | Killed Lodul
 16716 | D:11     | Killed a two-headed ogre
 16913 | D:10     | Noticed a two-headed ogre
 16918 | D:11     | Killed a two-headed ogre
 16964 | D:10     | Killed a two-headed ogre
 16965 | D:10     | Reached skill level 11 in Fighting
 17081 | Lair:1   | Entered Level 1 of the Lair of Beasts
 17364 | Lair:1   | Noticed an eight-headed hydra
 17376 | Lair:1   | Killed an eight-headed hydra
 17377 | Lair:1   | Reached skill level 5 in Spellcasting
 18674 | Lair:2   | Found a staircase to the Snake Pit.
 18917 | Lair:2   | Reached XP level 13. HP: 80/85 MP: 20/22
 19070 | Lair:2   | Reached ***** piety under Vehumet
 19105 | Lair:2   | Offered knowledge of Orb of Destruction by Vehumet.
 19335 | Lair:2   | Reached skill level 12 in Fighting
 19687 | Lair:2   | Noticed Fannar
 19697 | Lair:2   | Killed Fannar
 20342 | Lair:2   | Found a staircase to the Swamp.
 20827 | Lair:3   | Identified the +1 helmet of the Ecumenical Temple {Harm
                  | rPois Str+7}
 21127 | Lair:3   | Reached skill level 10 in Maces & Flails
 22769 | Lair:4   | Reached skill level 13 in Fighting
 22786 | Lair:4   | Reached skill level 10 in Armour
 22971 | Lair:4   | Gained mutation: Your large and strong wings let you fly.
                  | [Gargoyle growth]
 22971 | Lair:4   | Reached XP level 14. HP: 91/94 MP: 16/24
 23489 | Lair:4   | You are sucked into a shaft and drop 2 floors!
 23489 | Lair:6   | Entered Level 6 of the Lair of Beasts
 24629 | Lair:6   | Found a staircase to the Slime Pits.
 24629 | Lair:6   | Found a viscous altar of Jiyva.
 24687 | Lair:6   | Offered knowledge of Spellforged Servitor by Vehumet.
 25820 | Lair:6   | Found a large runed translucent door.
 25821 | Lair:6   | Found a large runed translucent door.
 26477 | Lair:5   | Reached skill level 14 in Fighting
 26477 | Lair:5   | Reached XP level 15. HP: 58/100 MP: 22/25
 29023 | D:2      | Bought a large wooden ring for 125 gold pieces
 29145 | Orc:1    | Entered Level 1 of the Orcish Mines
 29155 | Orc:1    | Noticed an orc warlord
 29161 | Orc:1    | Offered knowledge of Ozocubu's Refrigeration by Vehumet.
 29166 | Orc:1    | Killed an orc warlord
 29442 | Orc:2    | Entered Level 2 of the Orcish Mines
 29788 | Orc:1    | Noticed an orc warlord
 29836 | Orc:1    | Killed an orc warlord
 30694 | Orc:2    | Noticed an orc warlord
 30891 | Orc:1    | Killed an orc warlord
 30891 | Orc:1    | Offered knowledge of Fireball by Vehumet.
 31149 | Orc:1    | Learned a level 5 spell: Fireball
 31176 | Orc:2    | Reached skill level 15 in Fighting
 31845 | Orc:2    | Found a staircase to the Elven Halls.
 31970 | Orc:2    | Found a runed translucent gate.
 31970 | Orc:2    | Found a runed translucent gate.
 31970 | Orc:2    | Found a runed translucent gate.
 32019 | Orc:2    | Noticed Veteran's ghost (journeyman DDFi)
 32019 | Orc:2    | Noticed IndexError's ghost (journeyman GnCA)
 32020 | Orc:2    | Noticed Ignak's ghost (journeyman GnWz)
 32020 | Orc:2    | Noticed anet's ghost (journeyman MiBe)
 32020 | Orc:2    | Noticed Dabor's ghost (journeyman TrFi)
 32188 | Orc:2    | Found Bigiac's General Store.
 32189 | Orc:2    | Found Zoemp's Book Boutique.
 32191 | Orc:2    | Found Teish's Antique Armour Boutique.
 32191 | Orc:2    | Found Zybocyco's Antique Weapon Shop.
 32222 | Orc:2    | Learned a level 3 spell: Inner Flame
 32469 | Orc:2    | Killed anet's ghost
 32759 | Orc:2    | Identified the +4 hand axe "Iles Tosch" {vorpal, +Blink}
 32788 | Orc:2    | Killed IndexError's ghost
 32793 | Orc:2    | Killed Ignak's ghost
 33241 | Orc:1    | Killed Veteran's ghost
 33546 | D:11     | Reached XP level 16. HP: 105/108 MP: 26/26
 34054 | D:11     | Reached skill level 5 in Conjurations
 34269 | D:11     | Offered knowledge of Iskenderun's Battlesphere by Vehumet.
 35775 | D:13     | Noticed Snorg
 35784 | D:13     | Killed Snorg
 36034 | D:13     | Reached skill level 16 in Fighting
 36562 | D:14     | Found a gate to the Vaults.
 36646 | D:14     | Identified the +0 leather armour of Insecurity {Rampage
                  | Dex+6}
 36866 | D:15     | Entered Level 15 of the Dungeon
 38201 | Swamp:1  | Entered Level 1 of the Swamp
 38351 | Swamp:1  | Noticed a fenstrider witch
 38358 | Swamp:1  | Killed a fenstrider witch
 38623 | Snake:1  | Entered Level 1 of the Snake Pit
 38623 | Snake:1  | Noticed Donald
 38623 | Snake:1  | Noticed a nagaraja
 38754 | Lair:2   | Offered knowledge of Lightning Bolt by Vehumet.
 39455 | Lair:2   | Killed Donald
 39562 | Snake:1  | Killed a nagaraja
 39663 | Snake:1  | Reached skill level 10 in Fire Magic
 40947 | Snake:2  | Reached XP level 17. HP: 101/115 MP: 27/27
 41855 | Snake:2  | Noticed Aizul
 41871 | Snake:2  | Killed Aizul
 44122 | Snake:2  | Reached skill level 10 in Conjurations
 44323 | Snake:2  | Found Jafiesag's Antique Armour Shoppe.
 44331 | Snake:2  | Bought a pair of fine gloves for 332 gold pieces
 44331 | Snake:2  | Identified the +0 pair of gloves of the Louse {Dex+2} (You
                  | bought it in a shop on level 2 of the Snake Pit)
 44331 | Snake:2  | Bought a distressingly furry scale mail for 315 gold pieces
 44331 | Snake:2  | Identified the +2 scale mail "Vyfef" {+Blink rPois} (You
                  | bought it in a shop on level 2 of the Snake Pit)
 44331 | Snake:2  | Bought a heavily runed cloak for 332 gold pieces
 44331 | Snake:2  | Identified the +1 cloak of Cawk {Harm} (You bought it in a
                  | shop on level 2 of the Snake Pit)
 44549 | Snake:3  | Offered knowledge of Ignition by Vehumet.
 44550 | Snake:3  | Reached skill level 5 in Evocations
 45317 | Snake:3  | Found Hepref's Distillery.
 45317 | Snake:3  | Found Somponwo's Antique Weapon Boutique.
 45351 | Snake:3  | Bought a potion of curing for 48 gold pieces
 46837 | Snake:4  | Entered Level 4 of the Snake Pit
 46916 | Snake:4  | Found Qyr Kamn's Assorted Antiques.
 46933 | Snake:4  | Found a frozen archway.
 46938 | IceCv    | Entered an ice cave
 48253 | IceCv    | Noticed an Ice Fiend
 48263 | IceCv    | Killed an Ice Fiend
 48398 | IceCv    | Slain by an entropy weaver simulacrum

Illustrated notes

Levels and vault maps discovered:
D:1:      psy_arrival_fountain, layout_loops_corners,
          ebering_ecumenical_altar_petrified
D:2:      layout_basic, serial_shops, shop, nicolae_square_shop, shop
D:3:      layout_basic
D:4:      minmay_evil_eye, layout_gridville, chequers_serial_rivers_marsh,
          minmay_unequal, uniq_eustachio
D:5:      nicolae_cairo_tiling, layout_basic, lemuel_zombie_altar_kikubaaqudgha,
          grunt_ashenzari_visionary [grunt_ashenzari_visionary_swamp,
          grunt_ashenzari_visionary_snake], enter_ossuary_2
D:6:      layout_basic, mainiacjoe_overflow_small_starburst,
          mainiacjoe_overflow_boulevard, kennysheep_okawaru_gauntlet,
          portal_sewer_entry_e
D:7:      layout_loops_ring, general_overflow_altar,
          nicolae_wu_jian_immortal_techniques, uniq_crazy_yiuf_cottage
D:8:      layout_basic, serial_co_window_serial, co_window_of_opportunity_a,
          co_window_corner_a, co_window_corner_a, co_window_paths_b,
          co_window_of_opportunity_a, co_window_cross_1,
          co_window_of_opportunity_a, co_window_broadway_a,
          co_window_broadway_b, co_window_corner_ca, co_window_broadway_c,
          co_window_of_opportunity_c, co_window_of_opportunity_b,
          co_window_paths_e, grunt_ogre_cave, solitary_fountain
D:9:      layout_loops_ring, nicolae_uskayaw_en_pointe,
          nicolae_ru_path_of_blood, erik_lair_island, orc_0_dummy,
          enter_bailey_6, gammafunk_ghost_cemetery, minmay_between
D:10:     layout_basic, nicolae_overflow_hidden_temple, tso_oasis_becter,
          zin_statuary, uniq_lodul
D:11:     cheibrodos_ideogram_h, layout_stronghold, corner_web_ring
D:12:     layout_cave_pools, abandoned_shop
D:13:     layout_cave_pools, uniq_snorg
D:14:     layout_long_grid, david_vaults_2, nrook_mini_backslash
D:15:     gammafunk_depths_entry_grave, layout_cross, serial_column_ruins,
          column_ruins_hut_pillars, column_ruins_columns_dead_end,
          column_ruins_open_tiny, column_ruins_grid_1,
          column_ruins_columns_straight, column_ruins_open_small,
          fedhas_altar_3, minmay_rotating_lava
Temple:   zaba_magenta_temple
Lair:1:   layout_roguey, grunt_megastairs_2
Lair:2:   layout_cave_pods, nicolae_swamp_entry_splash_gauntlet,
          guppyfry_snake_entry_island, worms_lemuel, uniq_fannar
Lair:3:   layout_cellular_growth, chequers_serial_rivers_micro_b,
          serial_bayou_shore_a
Lair:4:   layout_regular_city, serial_bayou, serial_bayou_lagoon_a,
          serial_bayou_pond_a, serial_bayou_lake_a, serial_bayou_pond_b
Lair:5:   layout_long_grid, nzn_random_ring
Lair:6:   cheibrodos_lair_end_hotspot, layout_big_grid, slime_altar_1,
          serial_bayou_shore_b
Swamp:1:  layout_falls_marsh, evilmike_swamp_ruin_house_6
Snake:1:  layout_misc_corridors, st_stairs_4, grunt_megastairs_5, uniq_donald
Snake:2:  layout_grid_maze, serial_shops, nicolae_shop_waterfront,
          grunt_ministairs_1, uniq_aizul
Snake:3:  layout_chambers, drop_trap, minmay_shoptagon, lemuel_fruit_tree
Snake:4:  grunt_snake_rune_pools, layout_basic,
          portal_ice_cave_entry_pillars_four, minmay_shop_grid_forest,
          uniq_roxanne
Orc:1:    layout_caves, david_defended_altar_orc
Orc:2:    st_orc_congregation, layout_caves, gammafunk_ghost_cemetery
IceCv:    ice_cave_caverns_01

Skill      XL: |  1  2  3  4  5  6  7  8  9 10 11 12 13 14 15 16 17 |
---------------+----------------------------------------------------+-----
Fighting       | 1 2 3 4 5 6 8 9 10 11 13 14 15 16 | 16.3
Fire Magic     | 4 5 6 9 10 12 | 12.2
Shields        | 2 3 4 5 6 8 |  8.0
Spellcasting   | 3 6 7 |  7.0
Maces & Flails | 2 5 6 7 9 10 11 13 14 | 14.0
Armour         | 2 5 7 8 9 10 11 12 | 12.0
Poison Magic   | 3 5 8 |  8.4
Transmutations | 2 4 |  4.2
Conjurations   | 3 4 8 11 | 11.1
Evocations     | 1 2 6 |  6.4
Dodging        | 3 4 |  4.7
Stealth        | |  2.1

Action                   |  1- 3 |  4- 6 |  7- 9 | 10-12 | 13-15 | 16-18 || total
-------------------------+-------+-------+-------+-------+-------+-------++-------
Melee: Spear             |     8 |       |       |       |       |       ||     8
       Trident           |       |     6 |     3 |       |       |       ||     9
       Morningstar       |       |       |   366 |       |       |   789 ||  1155
       Mace              |       |       |    54 |   469 |   911 |   239 ||  1673
 Cast: Foxfire           |    35 |    90 |   113 |    12 |    17 |    15 ||   282
       Scorch            |       |     2 |       |    13 |    17 |     5 ||    37
       Conjure Flame     |       |       |       |     1 |       |       ||     1
       Ignite Poison     |       |       |       |     3 |    58 |    38 ||    99
       Olgreb's Toxic Ra |       |       |       |     3 |    59 |    40 ||   102
       Fireball          |       |       |       |       |     4 |   147 ||   151
       Sticky Flame      |       |       |       |       |     3 |     8 ||    11
       Inner Flame       |       |       |       |       |       |     1 ||     1
 Abil: Evoke Blink       |       |       |       |     4 |     2 |       ||     6
Evoke: Wand              |       |     3 |     5 |    20 |    17 |    17 ||    62
       Condenser vane    |       |       |       |       |       |     1 ||     1
  Use: Scroll            |     6 |     5 |    12 |     3 |     7 |    15 ||    48
       Potion            |       |       |     1 |     6 |     8 |     6 ||    21
 Stab: Sleeping          |       |       |    11 |       |       |       ||    11
       Distracted        |       |       |       |     2 |    12 |     5 ||    19
       Petrified         |       |       |       |       |       |     1 ||     1
Armor: Robe              |       |    26 |    51 |       |       |       ||    77
       Shadow dragon sca |       |       |   568 |       |       |       ||   568
       Chain mail        |       |       |    19 |   344 |   415 |    36 ||   814
       Fire dragon scale |       |       |       |       |   165 |   463 ||   628
Dodge: Dodged            |     8 |    42 |   228 |   138 |   322 |   547 ||  1285
       Repelled          |       |       |       |       |       |    55 ||    55
Block: Buckler           |       |     7 |   205 |   140 |   233 |   338 ||   923

Table legend: (Time is in decaauts)
 A = Elapsed time spent in this place.
 B = Non-inter-level travel time spent in this place.
 C = Inter-level travel time spent in this place.
 D = Time resting spent in this place.
 E = Time spent auto-exploring this place.
 F = Levels seen in this place.
 G = Mean time per level.
                   A        B        C        D        E       F      G
               +--------+--------+--------+--------+--------+-----+--------+
         Total |  48403 |  46446 |   1957 |  17342 |  21775 |  32 | 1512.6 |
       Dungeon |  19040 |  17491 |   1549 |   4389 |  10530 |  15 | 1269.3 |
        Temple |     77 |     58 |     19 |      0 |     50 |   1 |   77.0 |
          Lair |  12861 |  12600 |    261 |   4737 |   6323 |   6 | 2143.5 |
         Swamp |    291 |    289 |      2 |    214 |     30 |   1 |  291.0 |
     Snake Pit |   7323 |   7261 |     62 |   3163 |   2847 |   4 | 1830.8 |
  Orcish Mines |   4080 |   4018 |     62 |   1903 |   1290 |   2 | 2040.0 |
         Sewer |    957 |    957 |      0 |    225 |    291 |   1 |  957.0 |
       Ossuary |   2325 |   2325 |      0 |   1709 |    170 |   1 | 2325.0 |
      Ice Cave |   1444 |   1444 |      0 |   1000 |    244 |   1 | 1444.0 |
               +--------+--------+--------+--------+--------+-----+--------+

Top non-repeatable levels by time:
  Lair:2: 3201 daAuts
 Snake:2: 3030 daAuts
  Lair:6: 2944 daAuts
    D:11: 2888 daAuts
   Orc:2: 2408 daAuts
 Snake:3: 2387 daAuts
 Ossuary: 2325 daAuts
    D:10: 1899 daAuts
  Lair:1: 1881 daAuts
    D:14: 1849 daAuts
 Snake:1: 1839 daAuts
     D:9: 1781 daAuts
  Lair:5: 1779 daAuts
   Orc:1: 1672 daAuts
     D:8: 1661 daAuts
